 Dungeon Crawl Stone Soup version 0.29-a0-1052-g6990b1bffc (webtiles) character file.

Game seed: 11642401908267812568

44905 avis the Spry (level 13, -9/68 HPs)
             Began as a Felid Summoner on Aug 13, 2022.
             Was an Initiate of Gozag.
             Mangled by a goliath frog (16 damage)
             ... on level 2 of the Swamp on Aug 17, 2022.
             The game lasted 06:31:59 (37951 turns).

avis the Spry (Felid Summoner)                     Turns: 37951, Time: 06:32:00

Health: -9/68      AC: -1    Str:  4    XL:     13   Next: 98%
Magic:  26/30      EV: 28    Int: 27    God:    Gozag
Gold:   3020       SH:  0    Dex: 17    Spells: 5/36 levels left
                                        Lives:  0   Deaths: 4

rFire   . . .      SeeInvis +   (weapon unavailable)
rCold   + . .      Faith    .   (shield unavailable)
rNeg    . . .      Spirit   .   (body armour unavailable)
rPois   +          Reflect  .   (helmet unavailable)
rElec   .          Harm     .   (cloak unavailable)
rCorr   .          Rampage  .   (gloves unavailable)
Will    +....                   (boots unavailable)
Stlth   ++........              e - amulet of magic regeneration
HPRegen 0.21/turn               y - ring of poison resistance
MPRegen 0.62/turn               z - +6 ring of intelligence

@: corroded, studying 2 skills, very slow
A: very small, claws 1, fangs 3, see invisible, speed 1, shaggy fur 3, stealthy
paws, no weapons or thrown items, no armour, multi-lived
a: Renounce Religion, Potion Petition, Call Merchant, Bribe Branch


You were on level 2 of the Swamp.
You worshipped Gozag.
Gozag was most pleased with you.
You visited 5 branches of the dungeon, and saw 24 of its levels.
You also visited: Sewer and Ossuary.

You collected 7312 gold pieces.
You spent 2867 gold pieces at shops.
You paid 1425 gold pieces to Gozag.

Inventory:

Jewellery
 e - an amulet of magic regeneration (around neck)
 p - an amulet of reflection
 y - a ring of poison resistance (left paw)
 z - a +6 ring of intelligence (right paw)
 A - a ring of willpower
 J - a +6 ring of strength
 K - a ring of positive energy
 M - a +4 ring of evasion
Wands
 a - a wand of mindburst (22)
 b - a wand of digging (5)
 u - a wand of roots (17)
 v - a wand of paralysis (21)
 w - a wand of flame (97)
 B - a wand of quicksilver (15)
Scrolls
 c - 2 scrolls of silence
 g - 2 scrolls of butterflies
 h - 4 scrolls of fear
 j - 14 scrolls of identify
 n - 4 scrolls of torment
 r - a scroll of blinking
 t - 11 scrolls of teleportation
 C - 4 scrolls of magic mapping
 E - 4 scrolls of poison
 G - 2 scrolls of summoning
 H - 2 scrolls of immolation
 L - a scroll of brand weapon
Potions
 d - 15 potions of curing
 f - 2 potions of cancellation
 i - 5 potions of brilliance
 k - 4 potions of might
 l - 3 potions of invisibility
 m - 4 potions of attraction
 o - 9 potions of flight
 q - 7 potions of haste
 s - 3 potions of lignification
 x - 3 potions of ambrosia
 D - 2 potions of berserk rage
 F - a potion of resistance
 I - 2 potions of mutation


   Skills:
 - Level 14.7 Fighting
 - Level 15.3 Dodging
 - Level 5.0 Stealth
 * Level 12.1 Spellcasting
 - Level 10.0 Hexes
 - Level 11.5 Summonings
 - Level 10.0 Translocations
 - Level 5.0 Ice Magic
 - Level 7.0 Air Magic


You had 5 spell levels left.
You knew the following spells:

 Your Spells              Type           Power      Damage    Failure   Level
c - Call Imp              Summ           68%        N/A       1%          2
d - Call Canine Familiar  Summ           68%        N/A       1%          3
g - Summon Guardian Gole  Hex/Summ       65%        N/A       1%          3
l - Summon Lightning Spi  Summ/Air       61%        N/A       1%          4
o - Ozocubu's Armour      Ice            43%        N/A       1%          3
C - Summon Cactus Giant   Summ           34%        N/A       4%          6
F - Summon Forest         Summ/Tloc      32%        N/A       1%          5
V - Summon Mana Viper     Hex/Summ       65%        N/A       1%          5

Your spell library contained the following spells:

 Spells                   Type           Power      Damage    Failure   Level
 Shock                    Conj/Air       100%       1d9       1%          1
 Summon Small Mammal      Summ           100%       N/A       1%          1
 Inner Flame              Hex/Fire       43%        N/A       1%          3
 Tukima's Dance           Hex            63%        N/A       1%          3
 Summon Ice Beast         Ice/Summ       57%        N/A       1%          4
 Foxfire                  Conj/Fire      64%        2x1d7     3%          1
 Metabolic Englaciation   Hex/Ice        27%        N/A       4%          5
 Passwall                 Tmut/Erth      13%        N/A       5%          2
 Wereblood                Tmut           16%        N/A       5%          2
 Conjure Flame            Conj/Fire      16%        6-21      11%         3
 Flame Wave               Conj/Fire      16%        2d7       34%         4
 Blade Hands              Tmut           8%         N/A       67%         5
 Borgnjor's Vile Clutch   Necr/Erth      8%         N/A       67%         5
 Monstrous Menagerie      Summ           34%        N/A       26%         7
 Summon Hydra             Summ           34%        N/A       26%         7
 Death Channel            Necr           8%         N/A       99%         6
 Eringya's Noxious Bog    Tmut/Pois      8%         N/A       99%         6
 Dragon Form              Tmut           8%         N/A       100%        7
 Portal Projectile        Hex/Tloc       Unusable   N/A       N/A         3
 Animate Dead             Necr           Unusable   N/A       N/A         4
 Simulacrum               Ice/Necr       Unusable   N/A       N/A         6

Dungeon Overview and Level Annotations

Branches:
Dungeon (14/15)            Temple (1/1) D:5            Lair (5/5) D:11
  Swamp (2/4) Lair:3       Spider (0/4) Lair:2        Slime (0/5) Lair:5
    Orc (2/2) D:10            Elf (0/3) Orc:2         Sewer (visited)
Ossuary (visited)
 Vaults: D:13-14

Altars:
Ashenzari
Cheibriados
Dithmenos
Elyvilon
Fedhas
Gozag
Hepliaklqana
Kikubaaqudgha
Makhleb
Nemelex Xobeh
Okawaru
Qazlal
Ru
Sif Muna
Trog
Uskayaw
Vehumet
Wu Jian
Xom
Yredelemnul
Zin
The Shining One
Jiyva

Shops:
D:5 *   D:8 [   D:13 *(   D:14 *   Orc:1 [   Orc:2 ?(:[:(

Annotations:
Orc:1 2 transporters, Lepuefeh's ghost, journeyman MiBe


Innate Abilities, Weirdness & Mutations

You have sharp claws.
You have razor-sharp teeth.
You have supernaturally acute eyesight. (SInv)
You cover ground quickly. (Speed+)
Your thick and shaggy fur keeps you warm. (AC +3, rC+)
Your paws help you pounce on unaware monsters.
You are incapable of wielding weapons or throwing items.
You cannot wear armour.
You gain extra lives every three experience levels.


Message History

Your lightning spire shoots out a bolt of lightning at the eleionoma!
The bolt of electricity hits your guardian golem.
Your guardian golem resists.
Flame seeps out of your guardian golem.
The bolt of electricity misses the eleionoma.
The eleionoma hurls a spray of splinters at your warg.
The spray of wooden splinters hits your warg!!!
Your warg dies!
Your warg's corpse disappears in a puff of smoke!
Your guardian golem disappears in a puff of smoke!
Your guardian golem explodes!
You smell burning wood.
The mangrove smoulders and burns.
The fiery explosion engulfs the eleionoma!!
The eleionoma shouts!
Unknown command.
Casting: Call Canine Familiar (safe; 1% risk of failure)
Confirm with . or Enter, or press ? or * to list all spells.
A guardian golem appears, shielding your allies.
The eleionoma is engulfed in blazing flames.
The eleionoma flows through the trees.
The eleionoma is engulfed in a cloud of scalding steam.
The eleionoma dies!
You start resting.
Your lightning spire disappears in a puff of smoke!
Magic restored.
You start resting.
A goliath frog comes into view.
You enter the shallow water.
Moving in this stuff is going to be slow.
You now have 3020 gold pieces (gained 3).
Casting: Summon Guardian Golem (safe; 1% risk of failure)
Confirm with . or Enter, or press ? or * to list all spells.
A mana viper appears with a sibilant hiss.
The goliath frog hits you from afar!!
* * * LOW HITPOINT WARNING * * *
The acid corrodes you!
You are splashed with acid!
* * * LOW HITPOINT WARNING * * *
You feel better. The goliath frog hits you from afar!
You die...
Your body crumbles into a pile of gold.

♣♣.♣..♣ ♣..~..♣♣~
♣..♣..♣ ♣..~..~~.
♣~♣...♣ ♣...♣..~.
♣~...♣♣ ♣♣...♣♣~♣
♣.♣..♣♣♣♣♣♣♣♣♣♣.~♣♣♣♣♣
♣♣~.~..♣♣....♣♣..~♣♣ ♣
♣.~~.S.F.F.......~.♣♣♣♣
♣♣..~~~9♣♣♣♣.~.~.~..~♣ ≈
♣.♣♣..♣@~♣♣♣.~~~~~♣~~♣♣♣
♣♣♣♣♣..♣$..~.§~~~§~~~♣ ♣
♣♣..♣~..~~~....~~♣♣♣
♣♣.♣~~~♣.~~♣♣♣♣.>♣♣
♣..♣♣♣♣..♣♣ ♣~..♣
♣♣.♣♣♣♣.♣♣ ♣~~♣.
♣~C♣♣..♣ ♣§~♣~ ♣♣~~§§♣♣
♣♣..~ ♣~§..♣♣♣ ♣~♣.


You could see a goliath frog (ally target), a friendly mana viper (summoned,
sheltered) and a friendly guardian golem (summoned).

Vanquished Creatures
  A blink frog (Lair:4)
  A wolf (Lair:2)
  A worm (D:2)
  A dart slug (D:3)
  4 orcs
  2 giant cockroaches
  2 ball pythons
  6 bats
  4 frilled lizards
  2 kobolds
  A kobold zombie (Ossuary)
  An orc zombie (Ossuary)
  2 rats
28 creatures vanquished.

Vanquished Creatures (collateral kills)
  Rupert (D:13)
  A tentacled monstrosity (Swamp:2)
  Jorgrun (D:13)
  An eleionoma (Swamp:2)
  A boulder beetle (D:12)
  9 hydras
  3 centaur warriors
  A ghost crab (Swamp:2)
  6 two-headed ogres
  Erolcha (Orc:2)
  A tengu warrior (D:13)
  An alligator (Swamp:1)
  5 orc high priests
  Sonja (D:13)
  Lodul (D:14)
  A goliath frog (Swamp:1)
  4 bog bodies
  An orange crystal statue (D:10)
  2 orc knights
  A deep elf pyromancer (D:10)
  3 orc sorcerers
  2 oklob plants
  An ugly thing (D:13)
  A manticore (D:13)
  3 cyclopes
  4 will-o-the-wisps
  16 elephants
  6 black mambas
  A gargoyle (D:12)
  A rust devil (D:10)
  8 cane toads
  3 rime drakes
  A tengu conjurer (D:13)
  9 komodo dragons
  6 trolls
  A wind drake (shapeshifter) (D:13)
  13 blink frogs
  6 hornets
  5 polar bears (Lair:5)
  4 tyrant leeches
  A bloated husk (Swamp:2)
  5 slime creatures
  7 dream sheep (Lair:5)
  Sigmund (D:2)
  A jumping spider (Lair:2)
  10 spriggans
  3 wraiths
  5 wyverns
  30 yaks
  16 vampire mosquitoes
  6 basilisks
  6 swamp worms
  A warg (Orc:2)
  2 acid dragons
  A swamp drake (Swamp:2)
  13 water moccasins
  A black bear (Lair:5)
  29 orc warriors
  A sky beast (D:7)
  13 wolves
  4 boggarts (Lair:5)
  4 centaurs
  8 ogres
  A phantom (D:2)
  A kobold brigand (D:11)
  A necrophage (D:4)
  11 bullfrogs
  4 scorpions
  2 gnoll sergeants
  3 killer bees
  4 hounds
  A jelly (D:4)
  35 orc priests
  Terence (D:2)
  2 iguanas
  38 orc wizards
  Ijyb (D:3)
  6 hell rats (Lair:5)
  8 mummies (Ossuary)
  13 gnolls
  15 adders
  4 river rats (Sewer)
  A white imp (D:8)
  An ufetubus (D:6)
  3 worms (Sewer)
  A dart slug (D:4)
  70 orcs
  6 endoplasms
  4 giant cockroaches
  7 goblins
  10 hobgoblins
  6 jackals
  7 kobolds
  8 quokkas
  10 ball pythons
  4 bats
  3 frilled lizards
  3 hobgoblin zombies (Ossuary)
  3 orc zombies (Ossuary)
  A rat (D:1)
  A butterfly (Lair:1)
605 creatures vanquished.

Vanquished Creatures (others)
  2 eleionomae
  An ogre mage (D:13)
  A two-headed ogre (D:12)
  2 slime creatures (D:13)
  Pikel (D:4)
  A manticore (D:14)
  2 elephants
  A cane toad (Lair:5)
  A polar bear (Lair:5)
  2 trolls
  A bloated husk (Swamp:1)
  4 blink frogs (Lair:3)
  Grinder (D:3)
  A dream sheep (Lair:5)
  4 spriggans (Lair:5)
  A wyvern (D:11)
  2 wraiths (D:13)
  5 yaks
  A steam dragon (D:6)
  4 vampire mosquitoes
  2 acid dragons
  A water moccasin (D:6)
  2 black bears (Lair:5)
  6 orc warriors
  3 ogres
  3 wolves (Lair:5)
  3 centaurs
  2 bullfrogs
  A gnoll sergeant (D:12)
  A necrophage (D:7)
  A howler monkey (D:11)
  2 orc priests
  A gnoll bouda (D:5)
  An iguana (D:6)
  2 orc wizards (D:10)
  4 gnolls
  An adder (Sewer)
  2 river rats (Sewer)
  6 orcs
  14 foxfires
  32 fungi
  41 plants
  A snaplasher vine (D:13)
170 creatures vanquished.

Grand Total: 803 creatures vanquished

Notes
Turn   | Place    | Note
-------+----------+-------------------------------------------
     0 | D:1      | avis the Felid Summoner began the quest for the Orb.
     0 | D:1      | Reached XP level 1. HP: 7/7 MP: 4/4
   227 | D:1      | You fall into a shaft and drop 1 floor!
   273 | D:2      | Reached XP level 2. HP: 11/11 MP: 3/6
   276 | D:2      | Learned a level 2 spell: Call Imp
   293 | D:2      | Identified the +3 mace of Income {vamp, Dex+5}
   428 | D:2      | Reached XP level 3. HP: 14/14 MP: 1/8
   432 | D:2      | Learned a level 3 spell: Call Canine Familiar
   651 | D:2      | Noticed Terence
   805 | D:2      | Killed Terence
   806 | D:2      | Reached XP level 4. HP: 18/18 MP: 2/10
   814 | D:2      | Learned a level 3 spell: Summon Guardian Golem
  1024 | D:1      | Reached skill level 1 in Hexes
  2272 | D:2      | Found a radiant altar of Vehumet.
  2493 | D:2      | Noticed Sigmund
  2513 | D:2      | Killed Sigmund
  2514 | D:2      | Reached skill level 1 in Fighting
  2514 | D:2      | Reached XP level 5. HP: 22/22 MP: 1/12
  2514 | D:2      | Gained mutation: You are covered in thick fur. (AC +2)
                  | [Felid growth]
  2514 | D:2      | Reached XP level 6. HP: 25/25 MP: 1/13
  3024 | D:3      | Found a basalt altar of Yredelemnul.
  3108 | D:3      | Learned a level 4 spell: Summon Lightning Spire
  3213 | D:3      | Identified the +2 robe of Koogujea {rC+ Int-3 SInv}
  3218 | D:3      | Noticed Ijyb
  3265 | D:3      | Killed Ijyb
  3613 | D:3      | Noticed Grinder
  3654 | D:3      | Paralysed by Grinder for 3 turns
  3672 | D:3      | Killed Grinder
  3673 | D:3      | Reached skill level 5 in Summonings
  3673 | D:3      | Reached skill level 1 in Air Magic
  3673 | D:3      | Reached XP level 7. HP: 12/30 MP: 5/15
  4478 | D:4      | Reached skill level 5 in Stealth
  4478 | D:4      | Reached skill level 5 in Spellcasting
  4608 | D:4      | Killed by an exploding themself... ignited by their inner
                  | flame
  4609 | D:4      | Reached XP level 6. HP: -7/27 MP: 13/14
  5259 | D:4      | Found a hazy altar of Hepliaklqana.
  5441 | D:4      | Noticed Pikel
  5459 | D:4      | Killed Pikel
  5460 | D:4      | Reached skill level 3 in Dodging
  5460 | D:4      | Reached skill level 5 in Hexes
  5460 | D:4      | Reached XP level 7. HP: 31/31 MP: 13/16
  5996 | D:5      | Entered Level 5 of the Dungeon
  6466 | D:5      | Found a glowing drain.
  6484 | Sewer    | Entered a sewer
  6548 | Sewer    | Reached XP level 8. HP: 34/34 MP: 7/17
  6719 | Sewer    | Learned a level 5 spell: Summon Mana Viper
  7798 | D:5      | Found Moxt's Assorted Antiques.
  7840 | D:5      | Found a staircase to the Ecumenical Temple.
  7846 | Temple   | Entered the Ecumenical Temple
  8016 | Temple   | Became a worshipper of Gozag Ym Sagoz the Greedy
  8446 | D:6      | Reached skill level 4 in Dodging
  8564 | D:6      | Found a sand-covered staircase.
  8568 | Ossuary  | Entered an ossuary
  9306 | D:6      | HP: 1/36 [orc warrior/+0 morningstar (15)]
  9695 | D:6      | Reached XP level 9. HP: 39/39 MP: 11/19
  9768 | D:6      | Reached skill level 5 in Dodging
 10175 | D:6      | Upgraded the game from 0.29-a0-1027-gcd8c55af63 to
                  | 0.29-a0-1033-gb6c65ffae6
 10546 | D:7      | Reached skill level 5 in Air Magic
 10611 | D:7      | Found a shimmering blue altar of Sif Muna.
 11341 | D:8      | Found Luruf's Armour Shop.
 11975 | D:8      | Reached skill level 6 in Dodging
 12097 | D:8      | Identified the +0 ring mail of the Dragon {Rampage Drain
                  | rPois Will+}
 12110 | D:8      | Reached skill level 5 in Fighting
 12162 | D:8      | Reached XP level 10. HP: 44/44 MP: 9/21
 12178 | D:8      | Identified the +7 war axe "Yghaimn" {chaos, rN+ Int+4}
 12851 | D:9      | Found a broken altar of Ashenzari.
 13777 | D:9      | Noticed a two-headed ogre
 13786 | D:9      | Killed a two-headed ogre
 14087 | D:10     | Entered Level 10 of the Dungeon
 14487 | D:10     | Noticed an orange crystal statue
 14923 | D:10     | Killed from afar by a steam dragon
 14924 | D:10     | Reached XP level 9. HP: -2/40 MP: 5/20
 14962 | D:10     | Noticed a deep elf pyromancer
 14968 | D:10     | Killed a deep elf pyromancer
 15285 | D:10     | Noticed a rust devil
 15291 | D:10     | Found a burning altar of Makhleb.
 15316 | D:10     | Killed a rust devil
 15317 | D:10     | Reached skill level 7 in Dodging
 15534 | D:10     | Noticed a troll
 15601 | D:10     | Killed a troll
 15602 | D:10     | Reached XP level 10. HP: 45/45 MP: 0/22
 16270 | D:10     | Found a staircase to the Orcish Mines.
 16449 | D:10     | Killed an orange crystal statue
 16584 | D:10     | Learned a level 3 spell: Ozocubu's Armour
 17066 | D:11     | Reached skill level 1 in Ice Magic
 17534 | D:11     | Reached skill level 10 in Hexes
 17552 | D:11     | Found a staircase to the Lair.
 17561 | D:11     | Reached XP level 11. HP: 32/48 MP: 0/23
 17992 | Lair:1   | Entered Level 1 of the Lair of Beasts
 18087 | Lair:1   | Reached skill level 8 in Dodging
 18471 | Lair:1   | Reached skill level 10 in Summonings
 20028 | Lair:1   | Reached skill level 9 in Dodging
 20207 | Lair:2   | Identified the +9 mace "Fowaq" {vorpal, rPois Will+ Str+6
                  | Int+2}
 20688 | Lair:2   | Found a hole to the Spider Nest.
 21202 | Lair:2   | Gained mutation: Your thick and shaggy fur keeps you warm.
                  | (AC +3, rC+) [Felid growth]
 21202 | Lair:2   | Reached XP level 12. HP: 54/54 MP: 6/26
 21705 | Lair:3   | Learned a level 5 spell: Summon Forest
 21750 | Lair:3   | Reached skill level 1 in Translocations
 22039 | Lair:3   | Reached skill level 10 in Dodging
 22689 | Lair:3   | Found a staircase to the Swamp.
 22720 | Lair:3   | Reached skill level 5 in Translocations
 23562 | Lair:1   | Upgraded the game from 0.29-a0-1033-gb6c65ffae6 to
                  | 0.29-a0-1043-g569b05d6ff
 23692 | Lair:4   | Reached skill level 10 in Spellcasting
 23836 | Lair:4   | Reached skill level 5 in Ice Magic
 23847 | Lair:4   | Reached skill level 11 in Dodging
 24846 | Lair:5   | Entered Level 5 of the Lair of Beasts
 24846 | Lair:5   | Noticed a five-headed hydra
 24846 | Lair:5   | Noticed a seven-headed hydra
 25109 | Lair:5   | Reached XP level 13. HP: 56/60 MP: 12/28
 25532 | Lair:5   | Found an opulent altar of Gozag.
 25698 | Lair:5   | Reached skill level 10 in Fighting
 25706 | Lair:5   | Reached skill level 12 in Dodging
 25772 | Lair:5   | Mangled by a spriggan
 25773 | Lair:5   | Reached XP level 12. HP: -7/57 MP: 12/27
 26752 | Lair:5   | Reached skill level 10 in Translocations
 26811 | Lair:5   | Noticed a six-headed hydra
 26957 | Lair:5   | Killed a six-headed hydra
 27059 | Lair:5   | Killed a seven-headed hydra
 27093 | Lair:5   | Reached XP level 13. HP: 63/63 MP: 9/28
 27094 | Lair:5   | Reached skill level 13 in Dodging
 27440 | Lair:5   | Found a staircase to the Slime Pits.
 27440 | Lair:5   | Found a viscous altar of Jiyva.
 28438 | Orc:1    | Entered Level 1 of the Orcish Mines
 29041 | Orc:2    | Entered Level 2 of the Orcish Mines
 29322 | Orc:1    | Found Ulexez's Antique Armour Boutique.
 29973 | Orc:1    | Found a transporter.
 29973 | Orc:1    | Noticed Lepuefeh's ghost (journeyman MiBe)
 29996 | Orc:1    | Found a transporter.
 30353 | Orc:2    | Found a staircase to the Elven Halls.
 30493 | Orc:2    | Noticed Erolcha
 31020 | Orc:2    | Killed Erolcha
 31268 | Orc:2    | Reached skill level 14 in Dodging
 31480 | Orc:1    | Upgraded the game from 0.29-a0-1043-g569b05d6ff to
                  | 0.29-a0-1047-g7c58e119a4
 32020 | Orc:2    | Found Hovvadu's Antique Armour Shop.
 32020 | Orc:2    | Found Licysomn's Magic Scroll Boutique.
 32021 | Orc:2    | Found Tyus's Antique Weapon Boutique.
 32027 | Orc:2    | Found Recwijiy's Antique Weapon Shop.
 32060 | Orc:2    | Bought a manual of Fighting for 1200 gold pieces
 32060 | Orc:2    | Bought a book of the Wilderness for 570 gold pieces
 32063 | Orc:2    | Bought the Teachings on Overcast Metamorphosis for 448 gold
                  | pieces
 32070 | Orc:2    | Learned a level 6 spell: Summon Cactus Giant
 34786 | D:13     | Noticed Rupert
 34802 | D:13     | Killed Rupert
 34803 | D:13     | Reached XP level 14. HP: 71/71 MP: 12/29
 34967 | D:13     | Found Myzak's Assorted Antiques.
 34996 | D:13     | Bought a scroll labelled RELICZ NIBUKH for 29 gold pieces
 34996 | D:13     | Bought a scroll of magic mapping for 217 gold pieces
 35178 | D:13     | Found Foedwerph's Weapon Emporium.
 35363 | D:13     | Noticed Jorgrun
 35377 | D:13     | Killed Jorgrun
 35604 | D:13     | Noticed Sonja
 35613 | D:13     | Killed Sonja
 35890 | D:14     | Found Rytt's General Store.
 35898 | D:14     | Bought a wand of roots (3) for 115 gold pieces
 35898 | D:14     | Bought a potion of invisibility for 128 gold pieces
 35898 | D:14     | Bought a potion of haste for 160 gold pieces
 35965 | D:14     | Noticed Lodul
 35982 | D:14     | Killed Lodul
 36187 | Swamp:1  | Entered Level 1 of the Swamp
 36199 | Swamp:1  | Reached skill level 15 in Dodging
 36966 | Swamp:1  | HP: 3/72 [will-o-the-wisp/foxfire (17)]
 36967 | Swamp:1  | HP: 1/72 [will-o-the-wisp/foxfire (19)]
 37270 | Swamp:1  | Upgraded the game from 0.29-a0-1047-g7c58e119a4 to
                  | 0.29-a0-1052-g6990b1bffc
 37511 | Swamp:2  | Noticed a tentacled monstrosity
 37542 | Swamp:2  | Killed a tentacled monstrosity
 37910 | Swamp:2  | Killed by an exploding themself... ignited by their inner
                  | flame
 37911 | Swamp:2  | Reached XP level 13. HP: -12/68 MP: 26/30
 37936 | Swamp:2  | Killed an eleionoma
 37950 | Swamp:2  | HP: 1/68 [acid (10)]
 37951 | Swamp:2  | Mangled by a goliath frog

Illustrated notes

Levels and vault maps discovered:
D:1:      psy_arrival_basics, layout_basic, minmay_pentomino_o2
D:2:      kb_forest_paths, layout_basic, basic_altar, uniq_terence, uniq_sigmund
D:3:      layout_basic, amcnicky_altar_gilded, uniq_grinder, uniq_ijyb
D:4:      minmay_inner_zag, layout_basic, general_overflow_altar, serial_curves,
          eino_curves_02, eino_curves_04, nicolae_figureground_pulse, uniq_pikel
D:5:      layout_basic, minmay_temple_entry_hall, portal_sewer_entry_d,
          serial_shops, shop_coins
D:6:      layout_basic, nicolae_ossuary_entry_plus
D:7:      layout_gridville, overflow_temple_1_default,
          chequers_serial_rivers_small_a
D:8:      layout_rooms, serial_shops, nicolae_shop_hallway_stairs,
          nicolae_titane
D:9:      layout_cave_pods, mainiacjoe_overflow_alcove_2
D:10:     layout_basic, demons_altar, david_orc_4, minivault_16,
          columned_hall_lemuel, dreamdust_mushroom_princess
D:11:     layout_basic, erik_lair_dragon
D:12:     layout_cave_pods, dreamdust_princess_bridge, drop_trap
D:13:     layout_basic, serial_shops, nicolae_shop_waterfront,
          kennysheep_windowed_goal, uniq_sonja, uniq_jorgrun, uniq_rupert
D:14:     layout_loops_ring, erik_vaults_1, serial_shops, nicolae_stop_n_shop_2,
          nicolae_concentric_dashed_squares_mild, argonaut_gorgonesque,
          uniq_lodul
Temple:   minmay_crystal_spiral_temple
Lair:1:   layout_cave_pods, lemuel_fruit_fields, infiniplex_staircase_pool_2
Lair:2:   layout_chaotic_city, spider_nest_entry_rubble
Lair:3:   layout_small_grid, minmay_swamp_entry_swarm, serial_bayou_shore_a
Lair:4:   layout_hall_layers
Lair:5:   minmay_lair_end_enchanted_forest, layout_misc_corridors,
          slime_entry_1, basic_altar, grunt_megastairs_3
Swamp:1:  layout_falls_marsh, evilmike_swamp_ruin_house_4, swamp_pool5,
          nicolae_swamp_baby_hydras, infiniplex_staircase_pool
Swamp:2:  cheibrodos_swamp_monstrosity, layout_falls_marsh,
          nicolae_swamp_some_circles, swamp_pool4
Orc:1:    nicolae_orc_accident_1, layout_caves, serial_shops,
          nicolae_shop_crystal, gammafunk_ghost_arena
Orc:2:    st_orc_mages, layout_diamond_mine, mines1_david, uniq_erolcha

Skill      XL: |  1  2  3  4  5  6  7  8  9 10 11 12 13 14 |
---------------+-------------------------------------------+-----
Stealth        | 3 4 5 |  5.0
Spellcasting   | 3 4 5 6 7 9 10 12 | 12.1
Hexes          | 3 5 6 10 | 10.0
Fighting       | 1 3 4 5 6 7 11 13 14 | 14.7
Summonings     | 5 7 9 10 11 | 11.5
Air Magic      | 3 2 4 5 6 7 |  7.0
Dodging        | 3 4 7 9 11 14 15 | 15.3
Ice Magic      | 1 3 5 |  5.0
Translocations | 10 9 | 10.0

Action                   |  1- 3 |  4- 6 |  7- 9 | 10-12 | 13-15 || total
-------------------------+-------+-------+-------+-------+-------++-------
Melee: Unarmed           |    12 |    41 |    79 |    57 |    39 ||   228
       Bite              |     1 |     7 |     6 |     4 |     8 ||    26
       Punch             |       |       |     2 |     2 |       ||     4
 Cast: Summon Small Mamm |    17 |     5 |     9 |       |       ||    31
       Call Imp          |     5 |    13 |    36 |    11 |     4 ||    69
       Call Canine Famil |     4 |    33 |    56 |    44 |    31 ||   168
       Summon Guardian G |       |    13 |    43 |    81 |    91 ||   228
       Summon Lightning  |       |       |    19 |    79 |    61 ||   159
       Summon Mana Viper |       |       |     5 |    88 |   106 ||   199
       Ozocubu's Armour  |       |       |       |     6 |     2 ||     8
       Summon Forest     |       |       |       |     8 |    24 ||    32
       Summon Cactus Gia |       |       |       |       |    12 ||    12
Invok: Call Merchant     |       |       |       |       |     2 ||     2
Evoke: Wand              |       |       |       |     3 |       ||     3
  Use: Scroll            |       |       |    22 |     6 |     6 ||    34
       Potion            |       |       |     2 |     2 |     8 ||    12
 Stab: Sleeping          |     3 |     6 |     3 |       |       ||    12
       Distracted        |       |       |       |     1 |     1 ||     2
Armor: Skin              |     1 |     4 |    18 |    13 |     3 ||    39
Dodge: Dodged            |    16 |    48 |   157 |   154 |   160 ||   535
Block: Other             |       |     9 |    33 |    51 |    17 ||   110
       Reflection        |       |       |     1 |     4 |     1 ||     6

Table legend: (Time is in decaauts)
 A = Elapsed time spent in this place.
 B = Non-inter-level travel time spent in this place.
 C = Inter-level travel time spent in this place.
 D = Time resting spent in this place.
 E = Time spent auto-exploring this place.
 F = Levels seen in this place.
 G = Mean time per level.
                   A        B        C        D        E       F      G
               +--------+--------+--------+--------+--------+-----+--------+
         Total |  34238 |  31393 |   2845 |  10031 |  10409 |  26 | 1316.8 |
       Dungeon |  18954 |  16938 |   2016 |   5535 |   6358 |  14 | 1353.9 |
        Temple |    180 |    110 |     70 |      0 |     88 |   1 |  180.0 |
          Lair |   9048 |   8422 |    626 |   2520 |   3423 |   5 | 1809.6 |
         Swamp |   1703 |   1682 |     21 |    687 |    412 |   2 |  851.5 |
  Orcish Mines |   3099 |   2990 |    109 |   1106 |    104 |   2 | 1549.5 |
         Sewer |   1035 |   1035 |      0 |    182 |     20 |   1 | 1035.0 |
       Ossuary |    217 |    217 |      0 |      0 |      0 |   1 |  217.0 |
               +--------+--------+--------+--------+--------+-----+--------+

Top non-repeatable levels by time:
  Lair:5: 2307 daAuts
    D:10: 2253 daAuts
     D:9: 1911 daAuts
    D:12: 1882 daAuts
  Lair:4: 1830 daAuts
     D:4: 1816 daAuts
  Lair:1: 1807 daAuts
   Orc:2: 1778 daAuts
  Lair:3: 1687 daAuts
    D:11: 1641 daAuts
     D:2: 1534 daAuts
     D:6: 1435 daAuts
  Lair:2: 1416 daAuts
     D:7: 1381 daAuts
   Orc:1: 1320 daAuts
